 Dungeon Crawl Stone Soup version 0.29-a0-872-g797fff5ad1 (webtiles) character file.

Game seed: 16078360683958718895

305032 Hubris850 the Victor of a Thousand Battles (level 21, -7/145 (166) HPs)
             Began as a Gnoll Ice Elementalist on July 14, 2022.
             Was the Champion of Okawaru.
             Mangled by a crystal guardian (23 damage)
             ... led by a peacekeeper
             ... on level 4 of the Vaults on July 18, 2022.
             The game lasted 03:48:21 (47160 turns).

Hubris850 the Victor of a Thousand Battles (GnIE)  Turns: 47160, Time: 03:48:21

HP:   -7/145 (166)  AC: 18    Str: 14    XL:     21   Next: 12%
MP:   38/40         EV: 29    Int: 17    God:    Okawaru [******]
Gold: 4255          SH: 13    Dex: 23    Spells: 8/50 levels left

rFire   + + +      SeeInvis +   L - +7 Singing Sword {vorpal, sonic wave}
rCold   . . .      Faith    .   T - +3 warlock's mirror {reflect}
rNeg    . . .      Spirit   .   H - +3 robe of Clouds {*Thunder rCloud rElec}
rPois   +          Reflect  +   v - +2 hat
rElec   +          Harm     .   R - scarf {rC+ rF+}
rCorr   .          Rampage  .   n - +1 pair of gloves of Okawaru's Condemnation {*Slow rPois rF++ Str+3}
Will    ++++.                   S - +1 pair of boots of Ozxo {rC- Will+++ Int-2 Dex+4}
Stlth   ++++++++..              B - amulet of regeneration
HPRegen 1.14/turn               Y - ring "Tautisem" {+Blink rElec Str+3 SInv}
MPRegen 0.27/turn               M - +4 ring of protection

@: heroic, heavily drained
A: fangs 1, strong nose, distributed training
}: 2/15 runes: decaying, gossamer
a: Renounce Religion, Evoke Blink, Heroism, Finesse, Duel


You were on level 4 of the Vaults.
You worshipped Okawaru.
Okawaru was exalted by your worship.
You visited 7 branches of the dungeon, and saw 36 of its levels.
You also visited: Bailey, Gauntlet, Ice Cave and Volcano.

You collected 6150 gold pieces.
You spent 1895 gold pieces at shops.

Inventory:

Hand Weapons
 a - the +10 zealot's sword {holy, *Rage rN+ EV+3}
   (You bought it in a shop on level 7 of the Dungeon)

   It has been blessed by the Shining One to cause great damage to the undead
   and demons.
   Whenever the wielder enters a berserk rage, their allies are berserked
   alongside them.
   EV:        It affects your evasion (+3).
   rN:        It protects you from negative energy.
   *Rage:     It berserks you when you make melee attacks (+20% chance).
 b - the +10 dagger of True Grit {flame, Int+4}
   (You found it on level 7 of the Dungeon)

   It burns those it strikes, dealing additional fire damage.
   Int:       It affects your intelligence (+4).
 L - the +7 Singing Sword (weapon) {vorpal, sonic wave}
   (You took it off a vault warden on level 2 of the Vaults)

   It inflicts extra damage upon your enemies.
   It radiates damaging sonic waves as it strikes, especially in combat
   involving dangerous or numerous foes.
Missiles
 c - 18 silver boomerangs (quivered)
 o - 6 silver javelins
 x - 2 boomerangs of dispersal
 D - 25 javelins
Armour
 n - the +1 pair of gloves of Okawaru's Condemnation (worn) {*Slow rPois rF++ Str+3}
   (Okawaru gifted it to you on level 4 of the Swamp)

   Str:       It affects your strength (+3).
   rF:        It greatly protects you from fire.
   rPois:     It protects you from poison.
   *Slow:     It may slow you when you take damage.
 v - a +2 hat (worn)
 G - the +6 crystal plate armour of Protective Custody {rC+}
   (Okawaru gifted it to you on level 1 of the Vaults)

   rC:        It protects you from cold.
 H - the +3 robe of Clouds (worn) {*Thunder rCloud rElec}
   (You found it in a bailey)

   It occasionally creates storm clouds above nearby enemies.
   It grants its wearer immunity to clouds.
   rElec:     It insulates you from electricity.
 R - a scarf of resistance (worn)
 S - the +1 pair of boots of Ozxo (worn) {rC- Will+++ Int-2 Dex+4}
   (Okawaru gifted it to you on level 10 of the Dungeon)

   Int:       It affects your intelligence (-2).
   Dex:       It affects your dexterity (+4).
   rC:        It makes you vulnerable to cold.
   Will:      It greatly increases your willpower.
 T - the +3 warlock's mirror (worn) {reflect}
   (Okawaru gifted it to you on level 6 of the Lair of Beasts)

   It can block and reflect piercing ranged attacks and magical attacks against
   the wielder's willpower.
Jewellery
 e - a ring of positive energy
 j - a ring of willpower
 B - an amulet of regeneration (around neck)
 F - a ring of poison resistance
 M - a +4 ring of protection (right hand)
 X - a ring of flight
 Y - the ring "Tautisem" (left hand) {+Blink rElec Str+3 SInv}
   (You found it on level 2 of the Spider Nest)

   [ring of see invisible]

   Str:       It affects your strength (+3).
   rElec:     It insulates you from electricity.
   SInv:      It lets you see invisible.
   +Blink:    It lets you blink.
Wands
 d - a wand of mindburst (16)
 k - a wand of paralysis (30)
 l - a wand of iceblast (38)
 q - a wand of flame (55)
 E - a wand of acid (23)
 O - a wand of polymorph (13)
 U - a wand of digging (10)
Scrolls
 f - 3 scrolls of amnesia
 h - 5 scrolls of fear
 p - 2 scrolls of blinking
 y - 8 scrolls of fog
 z - a scroll of enchant armour
 I - 4 scrolls of magic mapping
 J - a scroll of silence
 P - 7 scrolls of teleportation
 W - 7 scrolls of poison
Potions
 g - 15 potions of curing
 i - 4 potions of haste
 m - 4 potions of magic
 s - a potion of berserk rage
 t - 7 potions of heal wounds
 u - 3 potions of invisibility
 w - a potion of flight
 A - 3 potions of mutation
 C - 3 potions of ambrosia
 K - a potion of cancellation
 V - 2 potions of might
Miscellaneous
 r - a condenser vane
 N - a tin of tremorstones (2/2)


   Skills:
 + Level 14.5(19.5) Fighting
 + Level 14.5(19.5) Short Blades
 + Level 14.5(19.5) Long Blades
 + Level 14.5(19.5) Axes
 + Level 14.5(19.5) Maces & Flails
 + Level 14.5(19.5) Polearms
 + Level 14.5(19.5) Staves
 + Level 14.5(19.5) Ranged Weapons
 + Level 14.5(19.5) Throwing
 + Level 14.5(19.5) Armour
 + Level 15.1(20.1) Dodging
 + Level 15.0(20.0) Stealth
 + Level 14.5(19.5) Shields
 + Level 14.5(19.5) Unarmed Combat
 + Level 15.3 Spellcasting
 + Level 12.3 Conjurations
 + Level 12.3 Hexes
 + Level 12.3 Summonings
 + Level 12.3 Necromancy
 + Level 12.3 Translocations
 + Level 12.3 Transmutations
 + Level 12.3 Fire Magic
 + Level 14.1 Ice Magic
 + Level 12.3 Air Magic
 + Level 12.3 Earth Magic
 + Level 12.3 Poison Magic
 + Level 15.7 Invocations
 + Level 14.5 Evocations


You had 8 spell levels left.
You knew the following spells:

 Your Spells              Type           Power      Damage    Failure   Level
a - Hailstorm             Conj/Ice       55%        3d12      1%          4
b - Frozen Ramparts       Ice            100%       1d12      1%          3
c - Ozocubu's Armour      Ice            57%        N/A       1%          3
d - Poisonous Vapours     Pois/Air       100%       N/A       1%          2
e - Olgreb's Toxic Radia  Pois           53%        N/A       1%          4
f - Stone Arrow           Conj/Erth      100%       3d13      1%          3
g - Ice Form              Ice/Tmut       55%        N/A       1%          4
h - Dispel Undead         Necr           53%        3d19      1%          4
i - Freezing Cloud        Conj/Ice/Air   27%        6-21      1%          5
j - Petrify               Tmut/Erth      53%        N/A       1%          4
k - Iron Shot             Conj/Erth      26%        9d6       4%          6

Your spell library contained the following spells:

 Spells                   Type           Power      Damage    Failure   Level
 Freeze                   Ice            100%       1d11      0%          1
 Apportation              Tloc           100%       N/A       1%          1
 Foxfire                  Conj/Fire      100%       2x1d9     1%          1
 Magic Dart               Conj           100%       1d8       1%          1
 Sandblast                Erth           100%       2d20      1%          1
 Shock                    Conj/Air       100%       1d9       1%          1
 Sting                    Tmut/Pois      100%       1d8       1%          1
 Blink                    Tloc           100%       N/A       1%          2
 Passwall                 Tmut/Erth      44%        N/A       1%          2
 Static Discharge         Conj/Air       53%        3-10/arc  1%          2
 Conjure Flame            Conj/Fire      53%        6-21      1%          3
 Inner Flame              Hex/Fire       53%        N/A       1%          3
 Lesser Beckoning         Tloc           53%        N/A       1%          3
 Mephitic Cloud           Conj/Pois/Air  53%        N/A       1%          3
 Portal Projectile        Hex/Tloc       100%       N/A       1%          3
 Swiftness                Air            53%        N/A       1%          3
 Airstrike                Air            26%        0-9+      1%          4
 Cause Fear               Hex            26%        N/A       1%          4
 Corpse Rot               Necr/Pois/Air  53%        N/A       1%          4
 Flame Wave               Conj/Fire      53%        2d11      1%          4
 Leda's Liquefaction      Hex/Erth       26%        N/A       1%          4
 Alistair's Intoxication  Tmut/Pois      35%        N/A       1%          5
 Borgnjor's Vile Clutch   Necr/Erth      26%        N/A       1%          5
 Iskenderun's Battlesphe  Conj           53%        2d10      1%          5
 Lee's Rapid Deconstruct  Erth           26%        3d15*     1%          5
 Lightning Bolt           Conj/Air       26%        1d42      1%          5
 Manifold Assault         Tloc           53%        N/A       1%          5
 Conjure Ball Lightning   Conj/Air       26%        3x3d7     4%          6
 Dispersal                Tloc           26%        N/A       4%          6
 Eringya's Noxious Bog    Tmut/Pois      26%        N/A       4%          6
 Statue Form              Tmut/Erth      35%        N/A       4%          6
 Ozocubu's Refrigeration  Ice            28%        4d10      14%         7
 Dragon Form              Tmut           26%        N/A       28%         7
 Disjunction              Tloc           26%        N/A       91%         8
 Ignition                 Fire           26%        3d9       91%         8
 Lehudib's Crystal Spear  Conj/Erth      26%        10d7      91%         8
 Polar Vortex             Ice            28%        N/A       100%        9
 Call Imp                 Summ           Unusable   N/A       N/A         2
 Call Canine Familiar     Summ           Unusable   N/A       N/A         3
 Animate Armour           Summ/Erth      Unusable   N/A       N/A         4
 Summon Forest            Summ/Tloc      Unusable   N/A       N/A         5
 Simulacrum               Ice/Necr       Unusable   N/A       N/A         6
 Death Channel            Necr           Unusable   N/A       N/A         6
 Spellforged Servitor     Conj/Summ      Unusable   N/A       N/A         7
 Summon Hydra             Summ           Unusable   N/A       N/A         7
 Dragon's Call            Summ           Unusable   N/A       N/A         9

Dungeon Overview and Level Annotations

Branches:
Dungeon (15/15)            Temple (1/1) D:5            Lair (6/6) D:10
  Swamp (4/4) Lair:3       Spider (4/4) Lair:4        Slime (0/5) Lair:5
    Orc (2/2) D:12            Elf (0/3) Orc:2        Vaults (4/5) D:13
  Crypt (0/3) Vaults:3     Depths (0/4) D:15         Bailey (visited)
  IceCv (visited)         Volcano (visited)         Gauntlet (visited)

Altars:
Ashenzari
Cheibriados
Dithmenos
Elyvilon
Fedhas
Gozag
Hepliaklqana
Kikubaaqudgha
Makhleb
Nemelex Xobeh
Okawaru
Qazlal
Ru
Sif Muna
Trog
Uskayaw
Vehumet
Wu Jian
Xom
Yredelemnul
Zin
The Shining One
Jiyva

Shops:
D:2 (   D:7 =(!(   D:12 [(   D:14 =   Orc:2 :[*?   Vaults:1 [

Portals:
Pandemonium: Orc:2

Annotations:
D:4 3 runed translucent doors, Nato's ghost, amateur MiFi
Vaults:2 2 runed translucent doors, Jesycrur's ghost, veteran OpEE


Innate Abilities, Weirdness & Mutations

You have very sharp teeth.
Your uncanny sense of smell can sniff out nearby items.
Your experience applies equally to all skills.


Message History

The war gargoyle is heavily damaged.
You hear a shout! x3
The crystal guardian fires a crystalline bolt at you.
The crystal bolt misses you. The war gargoyle barely misses you.
You hit the war gargoyle but do no damage.
The war gargoyle is heavily damaged.
The war gargoyle misses you. The crystal guardian misses you.
You completely miss the war gargoyle.
You bite the war gargoyle, but do no damage.
The war gargoyle is heavily damaged.
You hit the war gargoyle but do no damage.
The war gargoyle is heavily damaged.
The crystal guardian fires a crystalline bolt at you.
The crystal bolt misses you. You block the war gargoyle's attack.
You hit the war gargoyle but do no damage.
Your bite misses the war gargoyle.
The war gargoyle is heavily damaged.
The peacekeeper misses you. The peacekeeper completely misses you.
The crystal guardian hits you!
The war gargoyle launches metal splinters at you.
The spray of metal splinters hits you!
You completely miss the war gargoyle.
The war gargoyle is heavily damaged.
The peacekeeper bites you!
The peacekeeper claws you but does no damage.
The war gargoyle hits you with a +2 flail of draining.
You feel drained.
An ironbound thunderhulk comes into view.
It is wielding a +0 dire flail.
The crystal guardian fires a crystalline bolt at you.
The crystal bolt burns you! You resist.
You gain the combat prowess of a mighty hero.
The peacekeeper barely misses you. The peacekeeper claws you.
The war gargoyle hits you with a +2 flail of draining!!
* * * LOW HITPOINT WARNING * * *
You feel drained.
* * * LOW HITPOINT WARNING * * *
You block the peacekeeper's attack. x2
A vault warden comes into view. It is wielding a +2 vampiric battleaxe.
The crystal guardian hits you!!
You die...

####+### .......#
....[.+ ∆ .....#
####...###########
...'...#......##.##
...#...#..###.).99###
...#...'.## ###.@9..#
...#...### ##.##Op...
...#...# ### ###
.).#...# ...#...#
####+### ∆


You could see a vault warden, an ironbound thunderhulk, a crystal guardian
(strong), a war gargoyle (strong) and a peacekeeper.

Vanquished Creatures
  Bai Suzhen (Swamp:4)
  Nikola (Spider:1)
  A bone dragon (Vaults:3)
  Asterion (Spider:1)
  Mlioglotl (Swamp:4)
  2 sphinxes
  Gastronok (D:11)
  Kirke (Spider:1)
  A fire giant (Vaults:1)
  Roxanne (Spider:1)
  A frost giant (Vaults:1)
  11 emperor scorpions
  2 ghost moths
  4 vault wardens
  Aizul (Swamp:1)
  2 orc warlords
  13 ironbound preservers
  2 war gargoyles (Vaults:3)
  2 ironbound thunderhulks (Vaults:1)
  A very ugly thing (Vaults:1)
  4 bunyips
  3 eleionomae
  5 entropy weavers
  12 dire elephants
  A minotaur (Gauntlet)
  A spark wasp (Spider:4)
  Josephine (Swamp:1)
  2 shambling mangroves
  9 yaktaur captains
  3 vault guards
  Fannar (Lair:1)
  3 great orbs of eyes
  A ghost crab (Swamp:3)
  An ice dragon (Lair:3)
  An ogre mage (D:12)
  A peacekeeper (Vaults:3)
  7 ironbound frosthearts
  10 boulder beetles
  A catoblepas (D:15)
  24 hydras
  A demonspawn (Orc:2)
  Erica (D:9)
  3 radroaches
  3 two-headed ogres
  A jorogumo (Spider:3)
  3 death yaks (Lair:6)
  15 alligators
  12 centaur warriors
  6 orc high priests
  The ghost of pokeman the Eclecticist, a journeyman DEHW of Vehumet (D:11)
  Urug (Lair:6)
  A soul eater (Orc:2)
  24 spriggans
  2 skeletal warriors (Volcano)
  3 goliath frogs
  A sun moth (Spider:3)
  36 deep trolls
  5 pharaoh ants
  A spriggan druid (Swamp:4)
  3 steelbarb worms
  3 bog bodies
  10 swamp dragons
  9 ironbound convokers
  5 deep elf pyromancers
  An anaconda skeleton (Volcano)
  A shadow dragon zombie (Vaults:1)
  4 wizards
  9 lindwurms (Vaults:1)
  14 orb spiders
  3 necromancers
  14 harpies
  9 orc knights
  21 wolf spiders
  A deep elf zephyrmancer (D:15)
  8 orc sorcerers
  A stone giant zombie (Vaults:1)
  11 cyclopes
  8 ugly things
  A worldbinder (Gauntlet)
  11 elephants
  4 manticores
  A moth of wrath (shapeshifter) (Vaults:1)
  5 will-o-the-wisps
  11 black mambas
  2 moths of wrath
  7 vault sentinels
  A rust devil (Orc:2)
  A centaur skeleton (D:15)
  3 molten gargoyles (D:15)
  An orange demon (Orc:2)
  4 gargoyles
  3 ice statues
  2 torpor snails
  13 cane toads
  2 freezing wraiths
  A rime drake (Lair:3)
  7 ice devils
  6 demonic crawlers
  2 entropy weaver simulacra (IceCv)
  7 komodo dragons
  A tengu conjurer (D:15)
  21 yaktaurs
  An unseen horror (D:12)
  A hellwing (Orc:2)
  8 trolls
  An anaconda simulacrum (IceCv)
  12 meliai
  A bloated husk (Swamp:2)
  10 polar bears
  A harpy skeleton (Volcano)
  A human skeleton (Vaults:1)
  8 tyrant leeches
  19 hornets
  20 tarantellas
  10 blink frogs
  6 dream sheep
  29 slime creatures
  A meliai zombie (D:15)
  2 flying skulls (Volcano)
  26 jumping spiders
  12 culicivoras
  65 yaks
  2 shadows
  8 wraiths
  4 wyverns
  3 hogs (Spider:1)
  5 dire elephant simulacra (IceCv)
  5 basilisks
  46 redbacks
  Eustachio (D:5)
  2 steam dragons
  13 vampire mosquitoes
  2 harpy simulacra (IceCv)
  6 wargs (Orc:2)
  14 swamp worms
  16 water moccasins
  8 swamp drakes
  A glowing shapeshifter skeleton (Vaults:1)
  41 orc warriors
  9 ice beasts
  A meliai simulacrum (D:15)
  2 black bears
  4 sky beasts
  6 boggarts
  15 centaurs
  9 ogres
  46 wolves
  3 phantoms
  Blork the orc (D:4)
  A kobold brigand (D:10)
  13 bullfrogs
  10 gnoll sergeants (Bailey)
  2 scorpions
  A necrophage (D:5)
  8 wights (D:7)
  A hornet simulacrum (D:15)
  5 killer bees (D:8)
  A spriggan skeleton (Volcano)
  A troll skeleton (Volcano)
  4 howler monkeys
  7 electric eels
  2 lava snakes (D:15)
  7 hounds
  2 jellies
  8 gnoll boudas
  31 orc priests
  5 iguanas
  Terence (D:3)
  A boggart zombie (D:15)
  28 orc wizards
  2 hell rats (Lair:2)
  2 troll simulacra (IceCv)
  A naga skeleton (Volcano)
  16 gnolls
  6 adders
  7 river rats (Lair:2)
  2 shadow imps
  5 white imps
  3 ufetubi
  A worm (D:3)
  2 dart slugs
  96 orcs
  7 bats
  10 endoplasms
  6 giant cockroaches
  8 goblins
  10 hobgoblins
  3 jackals (D:2)
  8 kobolds
  6 quokkas
  5 ball pythons
  2 frilled lizards
  13 rats
  2 lurking horrors (Spider:3)
1382 creatures vanquished.

Vanquished Creatures (others)
  A fenstrider witch (Swamp:4)
  A pharaoh ant (Spider:4)
  A molten gargoyle (D:15)
  A bloated husk (Swamp:1)
  A sky beast (D:7)
  2 bushes (D:10)
  5 demonic plants (Gauntlet)
  37 foxfires
  30 fungi
  53 plants
132 creatures vanquished.

Grand Total: 1514 creatures vanquished

Notes
Turn   | Place    | Note
-------+----------+-------------------------------------------
     0 | D:1      | Hubris850 the Gnoll Ice Elementalist began the quest for
                  | the Orb.
     0 | D:1      | Reached XP level 1. HP: 13/13 MP: 6/6
   321 | D:1      | Reached XP level 2. HP: 19/19 MP: 5/7
   540 | D:2      | Reached skill level 5 in Spellcasting
   540 | D:2      | Reached XP level 3. HP: 25/25 MP: 6/9
   550 | D:2      | Found Gegheuxi's Weapon Boutique.
   792 | D:1      | Reached skill level 1 in Invocations
  1532 | D:2      | Learned a level 3 spell: Frozen Ramparts
  1537 | D:3      | Reached skill level 1 in Fighting
  1537 | D:3      | Reached skill level 1 in Short Blades
  1537 | D:3      | Reached skill level 1 in Long Blades
  1537 | D:3      | Reached skill level 1 in Axes
  1537 | D:3      | Reached skill level 1 in Maces & Flails
  1537 | D:3      | Reached skill level 1 in Polearms
  1537 | D:3      | Reached skill level 1 in Staves
  1537 | D:3      | Reached skill level 1 in Ranged Weapons
  1537 | D:3      | Reached skill level 1 in Throwing
  1537 | D:3      | Reached skill level 1 in Armour
  1537 | D:3      | Reached skill level 1 in Shields
  1537 | D:3      | Reached skill level 1 in Unarmed Combat
  1537 | D:3      | Reached skill level 1 in Evocations
  1538 | D:3      | Noticed Terence
  1715 | D:2      | Learned a level 3 spell: Ozocubu's Armour
  1718 | D:2      | Learned a level 2 spell: Poisonous Vapours
  1725 | D:3      | Reached XP level 4. HP: 32/32 MP: 3/11
  1729 | D:3      | Reached skill level 1 in Conjurations
  1729 | D:3      | Reached skill level 1 in Hexes
  1729 | D:3      | Reached skill level 1 in Summonings
  1729 | D:3      | Reached skill level 1 in Necromancy
  1729 | D:3      | Reached skill level 1 in Translocations
  1729 | D:3      | Reached skill level 1 in Transmutations
  1729 | D:3      | Reached skill level 1 in Fire Magic
  1729 | D:3      | Reached skill level 1 in Air Magic
  1729 | D:3      | Reached skill level 1 in Earth Magic
  1729 | D:3      | Reached skill level 1 in Poison Magic
  1819 | D:3      | Killed Terence
  2213 | D:2      | Reached XP level 5. HP: 34/37 MP: 12/12
  3198 | D:3      | Found a faded altar of an unknown god.
  3853 | D:4      | Found a burning altar of Makhleb.
  3875 | D:4      | Noticed an ogre
  3887 | D:4      | Learned a level 4 spell: Olgreb's Toxic Radiance
  3899 | D:4      | Killed an ogre
  3900 | D:4      | Reached skill level 5 in Dodging
  3900 | D:4      | Reached XP level 6. HP: 44/44 MP: 4/14
  4173 | D:4      | Found a blossoming altar of Fedhas.
  4200 | D:4      | Found a runed translucent gate.
  4201 | D:4      | Found a runed translucent gate.
  4202 | D:4      | Found a runed translucent gate.
  4215 | D:4      | Found an opulent altar of Gozag.
  4216 | D:4      | Noticed Nato's ghost (amateur MiFi)
  4505 | D:4      | Found a shadowy altar of Dithmenos.
  4522 | D:4      | Found a shimmering altar of Xom.
  4525 | D:4      | Found a bloodstained altar of Trog.
  4525 | D:4      | Found a hazy altar of Hepliaklqana.
  4627 | D:4      | Found a broken altar of Ashenzari.
  4673 | D:4      | Noticed Blork the orc
  4698 | D:4      | Killed Blork the orc
  4699 | D:4      | Reached XP level 7. HP: 20/51 MP: 4/15
  5160 | D:5      | Entered Level 5 of the Dungeon
  5285 | D:5      | Found a transporter.
  5285 | D:5      | Noticed a yak
  5288 | D:5      | Noticed a hornet
  5291 | D:5      | Found a transporter.
  5310 | D:5      | Found an iron altar of Okawaru.
  5450 | D:5      | Reached skill level 5 in Stealth
  5613 | D:5      | Reached XP level 8. HP: 53/58 MP: 16/16
  5819 | D:5      | Found a staircase to the Ecumenical Temple.
  5828 | Temple   | Entered the Ecumenical Temple
  6019 | D:5      | Noticed Eustachio
  6025 | D:5      | Killed Eustachio
  6463 | D:5      | Paralysed by a hornet for 1 turns
  6471 | D:5      | Killed a hornet
  6471 | D:5      | Killed a yak
  6662 | D:5      | Got the Octavo of Grit
  6673 | D:5      | Became a worshipper of Warmaster Okawaru
  6811 | D:5      | Upgraded the game from 0.29-a0-841-g116ddc6ace to
                  | 0.29-a0-845-g6161e89988
  6850 | D:5      | Reached XP level 9. HP: 54/65 MP: 18/18
  6987 | D:6      | Reached * piety under Okawaru
  7842 | D:7      | Reached skill level 5 in Invocations
  8120 | D:7      | Found Qyohui's Weapon Shop.
  8167 | D:7      | Reached ** piety under Okawaru
  8197 | D:7      | Reached skill level 5 in Fighting
  8197 | D:7      | Reached skill level 5 in Short Blades
  8197 | D:7      | Reached skill level 5 in Long Blades
  8197 | D:7      | Reached skill level 5 in Axes
  8197 | D:7      | Reached skill level 5 in Maces & Flails
  8197 | D:7      | Reached skill level 5 in Polearms
  8197 | D:7      | Reached skill level 5 in Staves
  8197 | D:7      | Reached skill level 5 in Ranged Weapons
  8197 | D:7      | Reached skill level 5 in Throwing
  8197 | D:7      | Reached skill level 5 in Armour
  8197 | D:7      | Reached skill level 5 in Shields
  8197 | D:7      | Reached skill level 5 in Unarmed Combat
  8197 | D:7      | Reached skill level 5 in Evocations
  8197 | D:7      | Reached XP level 10. HP: 34/74 MP: 20/20
  8547 | D:7      | Found a sacrificial altar of Ru.
  8575 | D:7      | Found Enant's Jewellery Boutique.
  8592 | D:7      | Identified the +10 dagger of True Grit {flame, Int+4}
  8990 | D:7      | Found a sparkling altar of Nemelex Xobeh.
  9121 | D:7      | Found Jotavuesch's Weapon Boutique.
  9139 | D:7      | Learned a level 3 spell: Stone Arrow
  9144 | D:7      | Learned a level 4 spell: Ice Form
  9195 | D:7      | Found a shadowy altar of Dithmenos.
  9206 | D:7      | Found Wucvub's Distillery.
  9487 | D:8      | Reached *** piety under Okawaru
  9824 | D:8      | Found a glowing silver altar of Zin.
  9879 | D:8      | Found a stormy altar of Qazlal.
 10133 | D:8      | Reached **** piety under Okawaru
 10139 | D:8      | Reached skill level 5 in Conjurations
 10139 | D:8      | Reached skill level 5 in Hexes
 10139 | D:8      | Reached skill level 5 in Summonings
 10139 | D:8      | Reached skill level 5 in Necromancy
 10139 | D:8      | Reached skill level 5 in Translocations
 10139 | D:8      | Reached skill level 5 in Transmutations
 10139 | D:8      | Reached skill level 5 in Fire Magic
 10139 | D:8      | Reached skill level 5 in Air Magic
 10139 | D:8      | Reached skill level 5 in Earth Magic
 10139 | D:8      | Reached skill level 5 in Poison Magic
 10247 | D:8      | Reached XP level 11. HP: 66/81 MP: 13/22
 10933 | D:9      | Noticed a two-headed ogre
 10945 | D:9      | Killed a two-headed ogre
 11069 | D:9      | Found a flagged portal.
 11082 | Bailey   | Entered a bailey
 11198 | Bailey   | HP: 2/82 [gnoll sergeant/+0 glaive (16)]
 11512 | Bailey   | Learned a level 4 spell: Hailstorm
 11621 | Bailey   | Found the +3 robe of Clouds {*Thunder rCloud rElec}
 11924 | D:9      | Noticed Erica
 11936 | D:9      | Reached ***** piety under Okawaru
 11959 | D:9      | Killed Erica
 11959 | D:9      | Received a gift from Okawaru
 12905 | D:10     | Entered Level 10 of the Dungeon
 13095 | D:10     | Identified the +1 pair of boots of Ozxo {rC- Will+++ Int-2
                  | Dex+4} (Okawaru gifted it to you on level 10 of the
                  | Dungeon)
 13095 | D:10     | Received a gift from Okawaru
 13589 | D:10     | Found a radiant altar of Vehumet.
 13831 | D:10     | Found a staircase to the Lair.
 13844 | D:10     | Reached XP level 12. HP: 91/91 MP: 18/24
 13951 | D:10     | Identified a scroll of acquirement
 13951 | D:10     | Acquired 1001 gold pieces
 14042 | D:7      | Bought the +10 zealot's sword {holy, *Rage rN+ EV+3} for
                  | 1475 gold pieces
 14042 | D:7      | Found the +10 zealot's sword {holy, *Rage rN+ EV+3}
 14109 | Lair:1   | Entered Level 1 of the Lair of Beasts
 14124 | Lair:1   | Noticed Fannar
 14135 | Lair:1   | Killed Fannar
 15696 | Lair:2   | Noticed a five-headed hydra
 15709 | Lair:2   | Killed a three-headed hydra
 15765 | Lair:2   | Noticed a six-headed hydra
 15773 | Lair:2   | Killed a five-headed hydra
 15773 | Lair:2   | Received a gift from Okawaru
 15978 | Lair:2   | Identified the ring "Ofuim" {Fire Str+3 SInv}
 16029 | Lair:2   | Identified the +15 crystal plate armour "Doruat" {rElec rF+
                  | rCorr Dex-2} (Okawaru gifted it to you on level 2 of the
                  | Lair of Beasts)
 16029 | Lair:2   | Received a gift from Okawaru
 16670 | Lair:2   | Reached ****** piety under Okawaru
 17010 | Lair:2   | Noticed a six-headed hydra
 17023 | Lair:2   | Killed a five-headed hydra
 17455 | Lair:3   | Reached XP level 13. HP: 96/98 MP: 26/26
 17477 | Lair:3   | Reached skill level 10 in Ice Magic
 17711 | Lair:3   | Noticed an ice dragon
 17724 | Lair:3   | Killed an ice dragon
 18359 | Lair:3   | Found a staircase to the Swamp.
 18365 | Lair:3   | Received a gift from Okawaru
 18833 | Lair:4   | Received a gift from Okawaru
 18834 | Lair:4   | Reached skill level 10 in Spellcasting
 18923 | Lair:4   | Found a hole to the Spider Nest.
 19105 | Lair:4   | Received a gift from Okawaru
 19121 | Lair:4   | Reached skill level 10 in Dodging
 20088 | Lair:5   | Reached skill level 10 in Stealth
 20191 | Lair:5   | Found a dark tunnel.
 20197 | Volcano  | Entered a volcano
 20222 | Volcano  | Learned a level 4 spell: Dispel Undead
 20232 | Volcano  | Received a gift from Okawaru
 20567 | Volcano  | Received a gift from Okawaru
 20568 | Volcano  | Reached skill level 10 in Invocations
 20568 | Volcano  | Reached XP level 14. HP: 100/108 MP: 28/28
 20570 | Volcano  | Reached XP level 15. HP: 106/114 MP: 29/29
 20882 | Lair:5   | Found a staircase to the Slime Pits.
 20882 | Lair:5   | Found a viscous altar of Jiyva.
 21244 | Lair:6   | Entered Level 6 of the Lair of Beasts
 21266 | Lair:6   | Identified the +7 sling "Panoru" {freeze, Will+} (Okawaru
                  | gifted it to you on level 6 of the Lair of Beasts)
 21266 | Lair:6   | Received a gift from Okawaru
 21875 | Lair:6   | Received a gift from Okawaru
 21875 | Lair:6   | Found the +3 warlock's mirror {reflect}
 21876 | Lair:6   | Reached skill level 10 in Fighting
 21876 | Lair:6   | Reached skill level 10 in Short Blades
 21876 | Lair:6   | Reached skill level 10 in Long Blades
 21876 | Lair:6   | Reached skill level 10 in Axes
 21876 | Lair:6   | Reached skill level 10 in Maces & Flails
 21876 | Lair:6   | Reached skill level 10 in Polearms
 21876 | Lair:6   | Reached skill level 10 in Staves
 21876 | Lair:6   | Reached skill level 10 in Ranged Weapons
 21876 | Lair:6   | Reached skill level 10 in Throwing
 21876 | Lair:6   | Reached skill level 10 in Armour
 21876 | Lair:6   | Reached skill level 10 in Shields
 21876 | Lair:6   | Reached skill level 10 in Unarmed Combat
 21876 | Lair:6   | Reached skill level 10 in Evocations
 22030 | Lair:6   | Noticed Urug
 22039 | Lair:6   | Killed Urug
 23050 | Lair:6   | Learned a level 5 spell: Freezing Cloud
 23246 | D:10     | Found a white marble altar of Elyvilon.
 23537 | D:11     | Found a runed translucent door.
 23538 | D:11     | Noticed pokeman's ghost (journeyman DEHW)
 23727 | D:11     | Noticed Gastronok
 23738 | D:11     | Killed Gastronok
 24023 | D:11     | Noticed a sphinx
 24037 | D:11     | Killed a sphinx
 24247 | D:10     | Acquired the +7 demon blade of Eternal Vigilance {drain,
                  | Will+ rCorr Int-3 Dex+7}
 24254 | D:10     | Acquired the Parchment of Glaciation and the Boulder
 24518 | D:11     | Killed pokeman's ghost
 24935 | D:12     | Found Tarchonk's Armour Shop.
 24935 | D:12     | Found a staircase to the Orcish Mines.
 24935 | D:12     | Found Pittiuv's Weapon Shop.
 25005 | D:12     | Found a frozen archway.
 25018 | IceCv    | Entered an ice cave
 25139 | IceCv    | Received a gift from Okawaru
 25151 | IceCv    | Reached XP level 16. HP: 123/123 MP: 31/31
 26306 | D:13     | Received a gift from Okawaru
 26452 | D:13     | Found a gate leading to a gauntlet.
 26463 | Gauntlet | Entered a Gauntlet
 26463 | Gauntlet | Found a transporter.
 26463 | Gauntlet | Found a transporter.
 26463 | Gauntlet | Found a transporter.
 26486 | Gauntlet | Found a transporter.
 26496 | Gauntlet | Found a transporter.
 26499 | Gauntlet | Found a transporter.
 26510 | Gauntlet | Found a transporter.
 26531 | Gauntlet | Found a transporter.
 26545 | Gauntlet | Found a transporter.
 26548 | Gauntlet | Found a transporter.
 26556 | Gauntlet | Found a transporter.
 26559 | Gauntlet | Found a transporter.
 26656 | Gauntlet | Identified the -2 hat of the Pink Corner {Will+} (Okawaru
                  | gifted it to you in a Gauntlet)
 26656 | Gauntlet | Received a gift from Okawaru
 26745 | Gauntlet | Got the Anthology of the Storm
 26847 | D:13     | Found a gate to the Vaults.
 27198 | Orc:1    | Entered Level 1 of the Orcish Mines
 27816 | Orc:2    | Entered Level 2 of the Orcish Mines
 27832 | Orc:2    | Found a staircase to the Elven Halls.
 28000 | Orc:2    | Found Tooqoav's Magic Scroll Shoppe.
 28002 | Orc:2    | Found Piruleh's General Store.
 28074 | Orc:2    | Bought a potion of resistance for 160 gold pieces
 29090 | Orc:2    | Received a gift from Okawaru
 29102 | Orc:2    | Found Edyson's Antique Armour Shop.
 29102 | Orc:2    | Found Laon's Book Boutique.
 29103 | Orc:2    | Found a one-way gate leading to the halls of Pandemonium.
 29392 | Swamp:1  | Entered Level 1 of the Swamp
 29552 | D:7      | Bought a ring of poison resistance for 260 gold pieces
 29715 | Swamp:1  | Noticed Aizul
 29736 | Swamp:1  | Killed Aizul
 29737 | Swamp:1  | Reached XP level 17. HP: 75/131 MP: 29/33
 29814 | Swamp:1  | Noticed Josephine
 29836 | Swamp:1  | Killed Josephine
 31746 | Swamp:3  | Identified the +1 executioner's axe "Giant's Toothpick"
                  | {venom, Will+} (Okawaru gifted it to you on level 3 of the
                  | Swamp)
 31746 | Swamp:3  | Received a gift from Okawaru
 32037 | Swamp:3  | Learned a level 4 spell: Petrify
 32091 | Swamp:3  | Reached skill level 10 in Conjurations
 32091 | Swamp:3  | Reached skill level 10 in Hexes
 32091 | Swamp:3  | Reached skill level 10 in Summonings
 32091 | Swamp:3  | Reached skill level 10 in Necromancy
 32091 | Swamp:3  | Reached skill level 10 in Translocations
 32091 | Swamp:3  | Reached skill level 10 in Transmutations
 32091 | Swamp:3  | Reached skill level 10 in Fire Magic
 32091 | Swamp:3  | Reached skill level 10 in Air Magic
 32091 | Swamp:3  | Reached skill level 10 in Earth Magic
 32091 | Swamp:3  | Reached skill level 10 in Poison Magic
 32580 | Swamp:4  | Entered Level 4 of the Swamp
 32966 | Swamp:4  | Noticed Bai Suzhen
 32969 | Swamp:4  | Killed Bai Suzhen
 32987 | Swamp:4  | Received a gift from Okawaru
 33083 | Swamp:4  | Noticed Mlioglotl
 33347 | Swamp:4  | Received a gift from Okawaru
 33361 | Swamp:4  | Killed Mlioglotl
 33363 | Swamp:4  | Identified the +1 pair of gloves of Okawaru's Condemnation
                  | {*Slow rPois rF++ Str+3} (Okawaru gifted it to you on level
                  | 4 of the Swamp)
 33363 | Swamp:4  | Received a gift from Okawaru
 33869 | Swamp:4  | Got a decaying rune of Zot
 33894 | Swamp:4  | Reached XP level 18. HP: 138/140 MP: 35/35
 33904 | Swamp:4  | Identified the +1 chain mail of the King of the Hill {Str+2
                  | Stlth+}
 34438 | Spider:1 | Entered Level 1 of the Spider Nest
 34724 | Spider:1 | Noticed Nikola
 34756 | Spider:1 | Killed Nikola
 34860 | Spider:1 | Noticed Asterion
 34872 | Spider:1 | Killed Asterion
 34947 | Spider:1 | Identified Roxanne's Octavo of Bedrock
 34947 | Spider:1 | Noticed Roxanne
 35061 | Spider:1 | Killed Roxanne
 35097 | Spider:1 | Noticed Kirke
 35104 | Spider:1 | Received a gift from Okawaru
 35111 | Spider:1 | Killed Kirke
 35817 | Spider:2 | Identified the ring "Tautisem" {+Blink rElec Str+3 SInv}
 36060 | Spider:3 | Received a gift from Okawaru
 36181 | Spider:4 | Entered Level 4 of the Spider Nest
 36812 | Spider:4 | Received a gift from Okawaru
 37253 | Spider:4 | Reached XP level 19. HP: 149/149 MP: 23/36
 37784 | Spider:3 | Upgraded the game from 0.29-a0-845-g6161e89988 to
                  | 0.29-a0-872-g797fff5ad1
 38955 | Spider:4 | Identified the +0 pair of boots "Koytt" {Int+4 Dex+4}
 38978 | Spider:4 | Got a gossamer rune of Zot
 39634 | D:14     | Found Xaet Wio's Jewellery Emporium.
 39928 | D:14     | Found a faded altar of an unknown god.
 39928 | D:14     | Found a faded altar of an unknown god.
 39928 | D:14     | Found a hazy altar of Hepliaklqana.
 40167 | D:14     | Learned a level 6 spell: Iron Shot
 40239 | D:14     | Received a gift from Okawaru
 40253 | D:14     | Found a radiant altar of Vehumet.
 40467 | D:15     | Entered Level 15 of the Dungeon
 40965 | D:15     | Found a glowing golden altar of the Shining One.
 41270 | D:15     | Found a staircase to the Depths.
 41532 | Vaults:1 | Entered Level 1 of the Vaults
 42009 | Vaults:1 | Received a gift from Okawaru
 42218 | Vaults:1 | Found Qaxkeuca's Antique Armour Boutique.
 42303 | Vaults:1 | Received a gift from Okawaru
 42611 | Vaults:1 | Received a gift from Okawaru
 42838 | Vaults:1 | Reached XP level 20. HP: 158/158 MP: 23/38
 42858 | Vaults:1 | Identified the +6 crystal plate armour of Protective
                  | Custody {rC+} (Okawaru gifted it to you on level 1 of the
                  | Vaults)
 42858 | Vaults:1 | Received a gift from Okawaru
 43282 | Vaults:1 | Reached skill level 15 in Invocations
 43495 | Vaults:1 | Identified the +8 long sword of Action {holy, Int-2 Dex+4}
 45314 | Vaults:2 | Identified the +2 ring mail of Piroka {rC- Str+10 Int+3
                  | Dex-2}
 45380 | Vaults:2 | Found a large runed translucent door.
 45381 | Vaults:2 | Found a large runed translucent door.
 45384 | Vaults:2 | Reached skill level 15 in Spellcasting
 45400 | Vaults:2 | Noticed Jesycrur's ghost (veteran OpEE)
 45536 | Vaults:3 | Received a gift from Okawaru
 45960 | Vaults:3 | Reached skill level 15 in Dodging
 46536 | Vaults:3 | Noticed a bone dragon
 46545 | Vaults:3 | Killed a bone dragon
 46546 | Vaults:3 | Reached skill level 15 in Stealth
 46669 | Vaults:3 | Found a staircase to the Crypt.
 46756 | Vaults:3 | Reached XP level 21. HP: 166/166 MP: 30/40
 47042 | Vaults:4 | Identified the +1 ring mail of Rang {-Cast rElec rCorr}
                  | (Okawaru gifted it to you on level 4 of the Vaults)
 47042 | Vaults:4 | Received a gift from Okawaru
 47160 | Vaults:4 | Mangled by a crystal guardian

Illustrated notes

Levels and vault maps discovered:
D:1:      dpeg_arrival_arbitrary_c, layout_basic
D:2:      layout_basic, serial_shops, shop, moated_statue
D:3:      layout_loops_ring, dreamdust_ecumenical_altar_hidden_monk_grotto,
          minmay_misc_feat_enclosed, uniq_terence
D:4:      layout_basic, lemuel_tele_altar, nicolae_overflow_hallway_of_the_gods,
          mainiacjoe_overflow_tiny_flanked, ebering_ghost_gozag,
          uniq_blork_the_orc
D:5:      layout_basic, gammafunk_temple_overflow_arena,
          minmay_temple_entry_glassed_door, nicolae_grassy_gnolls,
          uniq_eustachio
D:6:      layout_basic, hangedman_decor_peaks_small, minmay_crystal_water,
          minmay_fractal_squares_diagonal_5
D:7:      layout_cave_pools, nemelex_diamond_rough_becter,
          nicolae_ru_sacrificial_ziggurat, serial_shops, shop, shop, shop,
          nicolae_lakefront_shop, grunt_ministairs_7, minmay_misc_feat_roman,
          minmay_ruined_shrine
D:8:      layout_loops_corners, mainiacjoe_overflow_catch_the_wave
D:9:      layout_gridville, enter_bailey_1, minivault_27, uniq_erica
D:10:     layout_basic, mainiacjoe_overflow_alcove_2, elyvilon_altar_1,
          minmay_lair_entry_grove
D:11:     layout_loops_cross, hellmonk_ghost_happy_afterlife,
          kennysheep_just_a_vault, uniq_gastronok
D:12:     layout_big_octagon, orc_david_3, portal_ice_cave_entry_pillars_2,
          minivault_28
D:13:     layout_rooms, david_vaults_1, gauntlet_entry_generic,
          nrook_pool_corridor
D:14:     layout_loops_ring, serial_shops, shop, nicolae_vehumet_altar_sigil,
          nicolae_hepliaklqana_ecumenical_no_more
D:15:     grunt_enter_depths_magical_seal, layout_cave_pools, tso_metal_star,
          minivault_8
Temple:   nicolae_temple_bog_church
Lair:1:   layout_layer_cave, uniq_fannar
Lair:2:   layout_small_grid, kennysheep_abandoned_house
Lair:3:   layout_gridlike, nicolae_swamp_entry_splash_gauntlet, ice2_lemuel,
          infiniplex_staircase_pool_2
Lair:4:   layout_regular_city, nicolae_spider_entry_orb_guardian
Lair:5:   layout_loops_ring, slime_entry_1, nicolae_volcano_entry_lava_flow,
          minivault_26
Lair:6:   minmay_lair_end_enchanted_forest, layout_cave_pods,
          chequers_serial_rivers_micro_b, uniq_urug
Swamp:1:  layout_falls_marsh, hangedman_swamp_pad, uniq_josephine, uniq_aizul
Swamp:2:  layout_basic_swamp, serial_swamp_ruin, hangedman_swamp_ruin_wall,
          evilmike_swamp_ruin_rubble_2, evilmike_swamp_ruin_house_3
Swamp:3:  layout_basic_swamp, evilmike_swamp_ruin_house_1,
          infiniplex_staircase_pool
Swamp:4:  swamp, layout_basic_swamp, uniq_mlioglotl, uniq_bai_suzhen
Spider:1: layout_spider_delve, guppyfry_spider_mini_2, uniq_roxanne,
          uniq_nikola, uniq_kirke, uniq_asterion
Spider:2: layout_spider_delve, uniq_arachne
Spider:3: layout_chambers, amcnicky_altar_lugonu_corruption
Spider:4: grunt_spider_rune_circles
Orc:1:    layout_caves
Orc:2:    pf_orc_diabolical, layout_caves, nooodl_orcs_dogs
Vaults:1: v_alt_pattern_2, nicolae_vaults_little_squares_1,
          nicolae_vaults_circle_grid_a, v_misc_23, vaults_room_stairs_pillars,
          st_smaller_cells, vaults_dpeg_hooks, vaults_dpeg_ring,
          vaults_room_hallway, layout_vaults_chaotic_city, serial_shops,
          nicolae_shop_crystal, serial_glass
Vaults:2: ebering_ghost_disaster_area, nicolae_vaults_big_ls,
          nicolae_vaults_network_periphery, nicolae_vaults_triangles,
          vaults_dpeg_diagonal, v_misc_24, vaults_dpeg_cross,
          nicolae_vaults_alarming, v_misc_17, v_rooms_6,
          nicolae_vaults_rhombus_5, nicolae_vaults_little_squares_1,
          v_pattern_1, ontoclasm_vaults_shuriken, nicolae_vaults_asterisk,
          nicolae_vaults_shelves_hall, layout_vaults_ring
Vaults:3: minmay_crypt_entry_nasty_monster, hangedman_vaults_pinch,
          vaults_room_fours, nicolae_vaults_angled_halls, grunt_vaults_funnel,
          nicolae_vaults_shelves_hall, v_alt_pattern_1, hangedman_vaults_trim,
          layout_vaults_omnigrid
Vaults:4: portal_desolation_entry_nicolae_slug,
          nicolae_vaults_network_quinsquares
          [nicolae_vaults_network_quincunx_subvault,
          nicolae_vaults_network_quincunx_subvault,
          nicolae_vaults_network_quincunx_subvault,
          nicolae_vaults_network_quincunx_subvault],
          nicolae_vaults_disjoint_gnomons, ontoclasm_vaults_twist, v_misc_22,
          nicolae_vaults_border_crossing, vaults_dpeg_doors,
          hangedman_vaults_stretched_pinwheel, nicolae_vaults_sealed_display,
          v_misc_14, v_misc_33, nicolae_vaults_specimen_jars,
          ontoclasm_vaults_ring_small, nicolae_vaults_ring_of_whatevers,
          v_misc_28, layout_vaults_omnibox, serial_shops, shop_statue

Skill      XL: |  1  2  3  4  5  6  7  8  9 10 11 12 13 14 15 16 17 18 19 20 |
---------------+-------------------------------------------------------------+-----
Spellcasting   | 5 6 7 8 9 10 11 12 13 14 15 | 15.3
Invocations    | 1 2 3 4 5 6 7 8 10 11 12 13 14 15 | 15.7
Fighting       | 1 2 3 4 5 6 7 8 9 10 11 12 13 14 | 14.5
Short Blades   | 1 2 3 4 5 6 7 8 9 10 11 12 13 14 | 14.5
Long Blades    | 1 2 3 4 5 6 7 8 9 10 11 12 13 14 | 14.5
Axes           | 1 2 3 4 5 6 7 8 9 10 11 12 13 14 | 14.5
Maces & Flails | 1 2 3 4 5 6 7 8 9 10 11 12 13 14 | 14.5
Polearms       | 1 2 3 4 5 6 7 8 9 10 11 12 13 14 | 14.5
Staves         | 1 2 3 4 5 6 7 8 9 10 11 12 13 14 | 14.5
Ranged Weapons | 1 2 3 4 5 6 7 8 9 10 11 12 13 14 | 14.5
Throwing       | 1 2 3 4 5 6 7 8 9 10 11 12 13 14 | 14.5
Armour         | 1 2 3 4 5 6 7 8 9 10 11 12 13 14 | 14.5
Shields        | 1 2 3 4 5 6 7 8 9 10 11 12 13 14 | 14.5
Unarmed Combat | 1 2 3 4 5 6 7 8 9 10 11 12 13 14 | 14.5
Evocations     | 1 2 3 4 5 6 7 8 9 10 11 12 13 14 | 14.5
Conjurations   | 1 2 3 4 5 6 7 8 9 10 11 12 | 12.3
Hexes          | 1 2 3 4 5 6 7 8 9 10 11 12 | 12.3
Summonings     | 1 2 3 4 5 6 7 8 9 10 11 12 | 12.3
Necromancy     | 1 2 3 4 5 6 7 8 9 10 11 12 | 12.3
Translocations | 1 2 3 4 5 6 7 8 9 10 11 12 | 12.3
Transmutations | 1 2 3 4 5 6 7 8 9 10 11 12 | 12.3
Fire Magic     | 1 2 3 4 5 6 7 8 9 10 11 12 | 12.3
Air Magic      | 1 2 3 4 5 6 7 8 9 10 11 12 | 12.3
Earth Magic    | 1 2 3 4 5 6 7 8 9 10 11 12 | 12.3
Poison Magic   | 1 2 3 4 5 6 7 8 9 10 11 12 | 12.3
Dodging        | 5 6 7 8 9 10 11 12 13 14 15 | 15.1
Stealth        | 5 6 7 8 9 10 11 12 13 14 15 | 15.0
Ice Magic      | 8 9 10 11 12 13 14 | 14.1

Action                   |  1- 3 |  4- 6 |  7- 9 | 10-12 | 13-15 | 16-18 | 19-21 || total
-------------------------+-------+-------+-------+-------+-------+-------+-------++-------
Melee: Dagger            |     6 |       |    27 |   303 |   389 |   860 |   699 ||  2284
       Unarmed           |     1 |       |       |    19 |     7 |     3 |       ||    30
       Rapier            |    23 |    34 |   182 |     8 |       |       |       ||   247
       Bite              |       |     7 |    18 |    52 |    83 |   214 |   207 ||   581
       Staff             |       |    37 |    41 |       |       |       |       ||    78
       Punch             |       |       |    12 |    21 |    21 |       |       ||    54
       Eudemon blade     |       |       |       |   102 |    73 |   249 |   106 ||   530
       Scimitar          |       |       |       |    10 |     3 |    95 |       ||   108
       Double sword      |       |       |       |       |       |       |   190 ||   190
 Fire: Arbalest          |       |       |    35 |     3 |       |       |       ||    38
       Shortbow          |       |       |     4 |       |       |       |       ||     4
Throw: Dart              |       |       |     3 |     1 |       |       |       ||     4
       Boomerang         |       |       |       |     4 |       |    40 |       ||    44
       Javelin           |       |       |       |       |       |     2 |       ||     2
 Cast: Freeze            |    20 |    15 |    10 |       |       |       |       ||    45
       Frozen Ramparts   |     2 |    16 |    20 |    30 |     8 |     2 |     1 ||    79
       Ozocubu's Armour  |     1 |     2 |     4 |     7 |     5 |       |       ||    19
       Poisonous Vapours |       |    20 |     5 |    13 |    27 |    46 |    25 ||   136
       Olgreb's Toxic Ra |       |       |     1 |    34 |    46 |    81 |    43 ||   205
       Stone Arrow       |       |       |       |    18 |    36 |    51 |    29 ||   134
       Hailstorm         |       |       |       |     7 |     9 |     1 |     8 ||    25
       Ice Form          |       |       |       |     1 |     2 |     1 |       ||     4
       Dispel Undead     |       |       |       |       |     8 |     3 |    17 ||    28
       Freezing Cloud    |       |       |       |       |       |   102 |    51 ||   153
       Petrify           |       |       |       |       |       |     4 |     5 ||     9
       Iron Shot         |       |       |       |       |       |       |    28 ||    28
Invok: Heroism           |       |       |       |       |     1 |     2 |     2 ||     5
       Finesse           |       |       |       |       |     1 |     1 |     1 ||     3
 Abil: End Transformatio |       |       |       |       |     2 |     1 |       ||     3
Evoke: Wand              |       |       |       |    10 |     1 |     5 |     1 ||    17
       Condenser vane    |       |       |       |       |       |     1 |       ||     1
       Tin of tremorston |       |       |       |       |       |     1 |       ||     1
  Use: Scroll            |       |     9 |     8 |     9 |     7 |     5 |     1 ||    39
       Potion            |       |       |     3 |     5 |     2 |     5 |     1 ||    16
 Stab: Sleeping          |     9 |     3 |     9 |     4 |    25 |    16 |    23 ||    89
       Distracted        |       |       |       |       |     4 |     1 |       ||     5
       Invisible         |       |       |       |       |       |     3 |       ||     3
       Petrifying        |       |       |       |       |       |     2 |     1 ||     3
       Petrified         |       |       |       |       |       |       |     1 ||     1
       Paralysed         |       |       |       |       |       |       |     2 ||     2
Armor: Robe              |     4 |     2 |       |    45 |    96 |   240 |   199 ||   586
       Leather armour    |       |     7 |    48 |    25 |       |       |       ||    80
       Skin              |       |       |       |     6 |       |    15 |       ||    21
       Crystal plate arm |       |       |       |    75 |       |       |       ||    75
Dodge: Dodged            |    22 |    50 |   253 |   289 |   380 |   895 |   767 ||  2656
Block: Buckler           |       |       |       |       |    66 |   600 |   532 ||  1198
       Reflection        |       |       |       |       |    13 |    55 |    30 ||    98

Table legend: (Time is in decaauts)
 A = Elapsed time spent in this place.
 B = Non-inter-level travel time spent in this place.
 C = Inter-level travel time spent in this place.
 D = Time resting spent in this place.
 E = Time spent auto-exploring this place.
 F = Levels seen in this place.
 G = Mean time per level.
                   A        B        C        D        E       F      G
               +--------+--------+--------+--------+--------+-----+--------+
         Total |  46710 |  42954 |   3756 |   9907 |  21781 |  40 | 1167.8 |
       Dungeon |  18616 |  17258 |   1358 |   3106 |  10170 |  15 | 1241.1 |
        Temple |    191 |    170 |     21 |      0 |    162 |   1 |  191.0 |
          Lair |   9591 |   8027 |   1564 |   1378 |   5161 |   6 | 1598.5 |
         Swamp |   4243 |   3870 |    373 |    865 |   1863 |   4 | 1060.8 |
   Spider Nest |   4662 |   4418 |    244 |   2099 |    582 |   4 | 1165.5 |
  Orcish Mines |   1762 |   1695 |     67 |    348 |    804 |   2 |  881.0 |
        Vaults |   5405 |   5278 |    127 |   1147 |   2907 |   4 | 1351.2 |
        Bailey |    717 |    717 |      0 |    348 |    131 |   1 |  717.0 |
      Ice Cave |    735 |    735 |      0 |    373 |      0 |   1 |  735.0 |
       Volcano |    479 |    479 |      0 |    241 |      0 |   1 |  479.0 |
      Gauntlet |    303 |    303 |      0 |      0 |      0 |   1 |  303.0 |
               +--------+--------+--------+--------+--------+-----+--------+

Top non-repeatable levels by time:
Vaults:1: 2002 daAuts
  Lair:1: 1998 daAuts
  Lair:2: 1975 daAuts
  Lair:3: 1902 daAuts
Vaults:2: 1742 daAuts
  Lair:6: 1741 daAuts
Spider:3: 1726 daAuts
    D:10: 1719 daAuts
     D:9: 1594 daAuts
Vaults:3: 1537 daAuts
     D:5: 1493 daAuts
     D:8: 1434 daAuts
     D:4: 1409 daAuts
     D:6: 1383 daAuts
     D:3: 1363 daAuts
